 Dungeon Crawl Stone Soup version 0.27-a0-1434-g6f15984924 (webtiles) character file.

Game seed: 3774043474608556046

16674 Delamore the Cruncher (level 12, -6/94 HPs)
             Began as a Formicid Fighter on July 3, 2021.
             Was an Initiate of Gozag.
             Mangled by a titanic slime creature (75 damage)
             ... on level 13 of the Dungeon.
             The game lasted 00:14:38 (14310 turns).

Delamore the Cruncher (Formicid Fighter)           Turns: 14310, Time: 00:14:39

Health: -6/94      AC: 19    Str: 25    XL:     12   Next: 73%
Magic:  0/12       EV: 12    Int:  4    God:    Gozag
Gold:   997        SH: 20    Dex: 10    Spells: 11/11 levels left

rFire    . . .     SeeInvis +   a - +4 quarterstaff (elec)
rCold    + . .     Faith    .   G - +8 kite shield of Jazaq {rElec rC+ Int-5 Stlth+}
rNeg     . . .     Spirit   +   m - +1 chain mail {Will+}
rPois    +         Reflect  .   (helmet unavailable)
rElec    +         Harm     .   g - +1 cloak {rPois}
rCorr    .         Rampage  .   (no gloves)
Will     ++...                  r - +0 pair of boots
Stlth    ..........             q - amulet of guardian spirit
HPRegen  0.25/turn              h - +4 ring of protection
MPRegen  0.13/turn              y - +4 ring of evasion

@: no status effects
A: permanent stasis, dig shafts and tunnels, antennae 3, four strong arms
a: Dig, Shaft Self, Renounce Religion, Potion Petition, Call Merchant, Bribe
Branch


You were on level 13 of the Dungeon.
You worshipped Gozag.
Gozag was pleased with you.
You visited 2 branches of the dungeon, and saw 14 of its levels.
You also visited: Sewer.

You collected 1700 gold pieces.
You spent 52 gold pieces at shops.
You paid 651 gold pieces to Gozag.

Inventory:

Hand Weapons
 a - a +4 quarterstaff of electrocution (weapon)
Missiles
 b - 13 boomerangs
 z - 67 poisoned darts (quivered)
 B - 6 javelins
 J - a curare-tipped dart
Armour
 g - a +1 cloak of poison resistance (worn)
 m - a +1 chain mail of willpower (worn)
 r - a +0 pair of boots (worn)
 G - the +8 kite shield of Jazaq (worn) {rElec rC+ Int-5 Stlth+}
   (You found it on level 7 of the Dungeon)

   Int:       It affects your intelligence (-5).
   rC:        It protects you from cold.
   rElec:     It insulates you from electricity.
   Stlth:     It makes you more stealthy.
 I - a +1 scale mail of cold resistance
Jewellery
 h - a +4 ring of protection (left hand)
 q - an amulet of guardian spirit (around neck)
 v - a ring of ice
 w - an amulet of the acrobat
 y - a +4 ring of evasion (right hand)
 F - a ring of flight
Wands
 s - a wand of flame (18)
 D - a wand of paralysis (10)
 H - a wand of charming (14)
 N - a wand of polymorph (4)
Scrolls
 i - 4 scrolls of amnesia
 j - 2 scrolls of holy word
 k - 3 scrolls of immolation
 p - a scroll of fear
 u - a scroll of vulnerability
 x - a scroll of blinking
 C - 3 scrolls of magic mapping
Potions
 c - a potion of haste
 d - 2 potions of might
 e - 3 potions of invisibility
 f - 2 potions of flight
 l - 2 potions of brilliance
 n - 8 potions of curing
 o - a potion of cancellation
 t - a potion of heal wounds
 A - a potion of resistance
 E - a potion of mutation
 K - a potion of experience {unknown}
 L - a potion of berserk rage {unknown}


   Skills:
 + Level 8.5 Fighting
 - Level 14.0 Staves
 - Level 6.0 Throwing
 + Level 7.6 Armour
 - Level 9.0 Shields
 - Level 5.0 Evocations


You had 11 spell levels left.
You didn't know any spells.
Your spell library contained the following spells:

 Spells                   Type           Power      Damage    Failure   Level
 Sting                    Tmut/Pois      0%         1d3       97%         1
 Ensorcelled Hibernation  Hex/Ice        0%         N/A       99%         2
 Poisonous Vapours        Pois/Air       0%         N/A       99%         2
 Slow                     Hex            0%         N/A       99%         2
 Static Discharge         Conj/Air       0%         N/A       99%         2
 Sublimation of Blood     Necr           0%         N/A       99%         2
 Wereblood                Tmut           0%         N/A       99%         2
 Confusing Touch          Hex            0%         N/A       100%        3
 Gell's Gravitas          Tloc           0%         N/A       100%        3
 Lesser Beckoning         Tloc           0%         N/A       100%        3
 Spider Form              Tmut/Pois      0%         N/A       100%        3
 Teleport Other           Tloc           0%         N/A       100%        3
 Dispel Undead            Necr           0%         3d6       100%        4
 Hailstorm                Conj/Ice       0%         3d3       100%        4
 Ice Form                 Ice/Tmut       0%         N/A       100%        4
 Olgreb's Toxic Radiance  Pois           0%         N/A       100%        4
 Petrify                  Tmut/Erth      0%         N/A       100%        4
 Sticky Flame             Conj/Fire      0%         2d3       100%        4
 Irradiate                Conj/Tmut      0%         3d14      100%        5
 Metabolic Englaciation   Hex/Ice        0%         N/A       100%        5
 Yara's Violent Unravell  Hex/Tmut       0%         3d3       100%        5
 Shadow Creatures         Summ           N/A        N/A       100%        6
 Simulacrum               Ice/Necr       0%         N/A       100%        6
 Statue Form              Tmut/Erth      0%         N/A       100%        6
 Summon Hydra             Summ           0%         N/A       100%        7


Dungeon Overview and Level Annotations

Branches:
Dungeon (13/15)            Temple (1/1) D:6            Lair (0/6) D:8
    Orc (0/2) D:11          Sewer (visited)
 Vaults: D:13-14

Altars:
Ashenzari
Cheibriados
Dithmenos
Elyvilon
Fedhas
Gozag
Hepliaklqana
Kikubaaqudgha
Makhleb
Nemelex Xobeh
Okawaru
Qazlal
Ru
Sif Muna
Trog
Uskayaw
Vehumet
Wu Jian
Xom
Yredelemnul
Zin
The Shining One

Shops:
D:2 (   D:7 !   D:10 [

Annotations:
D:10 2 transporters, Sergey's ghost, journeyman GrFi


Innate Abilities, Weirdness & Mutations

You cannot be hasted, slowed, berserked, paralysed or teleported.
You can dig through walls and to a lower floor.
You have a pair of large antennae on your head. (SInv)
Your four strong arms can wield two-handed weapons with a shield.


Message History

You bludgeon the large slime creature!!
The large slime creature is heavily wounded.
The slime creature hits you. The large slime creature hits you!!
You thump the large slime creature!
Lightning courses through the large slime creature!!
The large slime creature is severely wounded.
You hit the large slime creature.
The large slime creature is severely wounded.
You block the slime creature's attack.
Two slime creatures merge to form an enormous slime creature.
You sock the enormous slime creature!
Lightning courses through the enormous slime creature!
The enormous slime creature is heavily wounded.
You block the slime creature's attack.
You bludgeon the enormous slime creature!!
The enormous slime creature is heavily wounded.
Two slime creatures merge to form a titanic slime creature.
You sock the titanic slime creature!
Lightning courses through the titanic slime creature!
The titanic slime creature is heavily wounded.
You block the slime creature's attack.
You thump the titanic slime creature!
The titanic slime creature is heavily wounded.
You bludgeon the titanic slime creature!!
The titanic slime creature is severely wounded.
You block the slime creature's attack.
You block the titanic slime creature's attack.
You sock the titanic slime creature!
Lightning courses through the titanic slime creature!!
The titanic slime creature is severely wounded.
You block the slime creature's attack.
You sock the titanic slime creature!
The titanic slime creature is severely wounded.
You block the titanic slime creature's attack.
You sock the titanic slime creature!
The titanic slime creature is severely wounded.
The slime creature closely misses you. The titanic slime creature hits you!!!!
Ouch! That really hurt!
You die...
Your body crumbles into a pile of gold.

#.........# #..#
#..########
######'##
#######
###.......#
.......
#.'.#.#####
!......
##.#.#.....#
....[..
#..#.#####.+
....... #.##.#
......J####.##.#
......J@...>##..
.......#########
....... .......
#######


You could see a titanic slime creature and a slime creature.

Vanquished Creatures
  A boulder beetle (D:12)
  A two-headed ogre (D:10)
  2 deep elf pyromancers (D:12)
  2 manticores
  2 gargoyles
  Maggie (D:7)
  2 unseen horrors
  5 kobold demonologists
  3 trolls
  A hornet (D:9)
  4 slime creatures (D:12)
  2 shadows
  4 wyverns
  11 yaks
  2 wraiths
  2 steam dragons
  Eustachio (D:5)
  10 vampire mosquitoes
  A water moccasin (D:8)
  A hornet zombie (D:8)
  2 sky beasts (D:6)
  6 orc warriors
  A necrophage (D:5)
  An ogre (D:7)
  An ice beast (D:6)
  8 centaurs
  Blork the orc (D:4)
  2 bullfrogs
  7 kobold brigands
  A gnoll sergeant (D:9)
  2 scorpions
  A wyvern skeleton (D:6)
  A water moccasin skeleton (D:4)
  3 killer bees (D:11)
  9 wights
  5 howler monkeys
  4 centaur zombies
  A centaur skeleton (D:4)
  3 hounds
  A jelly (D:4)
  5 orc priests
  Crazy Yiuf (D:7)
  4 iguanas
  9 orc wizards
  A howler monkey skeleton (D:7)
  Robin (D:2)
  21 gnolls
  11 adders
  2 shadow imps
  2 white imps (D:6)
  4 worms
  5 dart slugs
  32 orcs
  8 ball pythons
  2 bats (D:3)
  13 endoplasms
  8 giant cockroaches
  18 goblins
  6 hobgoblins
  9 jackals
  18 kobolds
  10 quokkas
  12 frilled lizards
  8 rats
328 creatures vanquished.

Notes
Turn   | Place    | Note
-------+----------+-------------------------------------------
     0 | D:1      | Delamore the Formicid Fighter began the quest for the Orb.
     0 | D:1      | Reached XP level 1. HP: 18/18 MP: 1/1
   178 | D:1      | Found a faded altar of an unknown god.
   319 | D:1      | Reached XP level 2. HP: 24/24 MP: 2/2
   339 | D:1      | Reached XP level 3. HP: 8/30 MP: 3/3
  1015 | D:2      | Reached skill level 3 in Staves
  1107 | D:2      | Noticed Robin
  1132 | D:2      | Killed Robin
  1133 | D:2      | Reached XP level 4. HP: 17/35 MP: 4/4
  1451 | D:2      | You fall into a shaft and drop 1 floor!
  2194 | D:2      | Reached skill level 4 in Staves
  2289 | D:2      | Found Tywaprer's Weapon Emporium.
  2411 | D:2      | Reached XP level 5. HP: 42/42 MP: 5/5
  2873 | D:3      | Noticed a bullfrog
  2880 | D:3      | Killed a bullfrog
  2881 | D:3      | Reached skill level 5 in Staves
  2881 | D:3      | Reached XP level 6. HP: 46/50 MP: 6/6
  2990 | D:3      | Found a hazy altar of Hepliaklqana.
  3196 | D:3      | Reached skill level 5 in Fighting
  3805 | D:4      | Found a white marble altar of Elyvilon.
  3813 | D:4      | Reached skill level 6 in Staves
  3813 | D:4      | Reached XP level 7. HP: 53/56 MP: 7/7
  4307 | D:4      | Reached skill level 7 in Staves
  4446 | D:4      | Noticed Blork the orc
  4456 | D:4      | Killed Blork the orc
  4614 | D:5      | Entered Level 5 of the Dungeon
  4622 | D:5      | Noticed Eustachio
  4631 | D:5      | Killed Eustachio
  4632 | D:5      | Reached skill level 8 in Staves
  4632 | D:5      | Reached XP level 8. HP: 60/62 MP: 6/8
  4650 | D:5      | Identified a scroll of acquirement
  4650 | D:5      | Acquired a +0 cloak of poison resistance
  4788 | D:5      | Found a glowing drain.
  4805 | Sewer    | Entered a sewer
  5175 | Sewer    | Reached skill level 9 in Staves
  5305 | D:5      | Noticed a yak
  5305 | D:5      | Noticed a yak
  5305 | D:5      | Noticed a yak
  5319 | D:5      | Killed a yak
  5325 | D:5      | Killed a yak
  5331 | D:5      | Killed a yak
  5332 | D:5      | Reached skill level 10 in Staves
  5332 | D:5      | Reached XP level 9. HP: 44/68 MP: 4/9
  6265 | D:6      | Reached skill level 11 in Staves
  6351 | D:6      | Identified the +1 robe of the Morning Star {rElec}
  6380 | D:6      | Found a staircase to the Ecumenical Temple.
  6390 | Temple   | Entered the Ecumenical Temple
  6955 | D:7      | Reached skill level 12 in Staves
  7007 | D:7      | Found an iron altar of Okawaru.
  7012 | D:7      | Found a basalt altar of Yredelemnul.
  7013 | D:7      | Found a glowing silver altar of Zin.
  7013 | D:7      | Found an opulent altar of Gozag.
  7013 | D:7      | Found a stormy altar of Qazlal.
  7013 | D:7      | Found a glowing golden altar of the Shining One.
  7015 | D:7      | Found a sacrificial altar of Ru.
  7017 | D:7      | Found a radiant altar of Vehumet.
  7018 | D:7      | Found a burning altar of Makhleb.
  7021 | D:7      | Became a worshipper of Gozag Ym Sagoz the Greedy
  7180 | D:7      | Reached XP level 10. HP: 74/74 MP: 10/10
  7405 | D:7      | Noticed Maggie
  7431 | D:7      | Killed Maggie
  7576 | D:7      | Found a runed translucent door.
  7577 | D:7      | Noticed Crazy Yiuf
  7622 | D:7      | Reached skill level 13 in Staves
  7623 | D:7      | Found Lurituco's Distillery.
  7626 | D:7      | Identified the +8 kite shield of Jazaq {rElec rC+ Int-5
                  | Stlth+}
  7714 | D:7      | Noticed a manticore
  7718 | D:7      | Killed a manticore
  8019 | D:7      | Killed Crazy Yiuf
  8219 | D:7      | Bought a potion of curing for 39 gold pieces
  8219 | D:7      | Bought a potion of degeneration for 13 gold pieces
  8491 | D:8      | Reached skill level 5 in Shields
  8739 | D:8      | Reached skill level 14 in Staves
  9016 | D:8      | Found a staircase to the Lair.
  9310 | D:8      | Reached XP level 11. HP: 79/79 MP: 11/11
  9745 | D:9      | Found a bloodstained altar of Trog.
  9927 | D:9      | Identified the +0 helmet of Doasops {rF+ Will- Str+4}
  9981 | D:9      | Reached skill level 1 in Evocations
 10524 | D:10     | Entered Level 10 of the Dungeon
 10532 | D:10     | Reached skill level 1 in Throwing
 10718 | D:10     | Noticed a two-headed ogre
 10739 | D:10     | Killed a two-headed ogre
 10881 | D:10     | Found a transporter.
 10891 | D:10     | Noticed a tengu warrior
 10894 | D:10     | Noticed Sergey's ghost (journeyman GrFi)
 10912 | D:10     | Found a snail-covered altar of Cheibriados.
 11014 | D:10     | Noticed a soul eater
 11129 | D:10     | Found a transporter.
 11250 | D:10     | Noticed a tengu warrior
 11258 | D:10     | Noticed a moth of wrath
 11274 | D:10     | Found a shimmering altar of Xom.
 11322 | D:10     | Noticed an ice dragon
 11348 | D:10     | Noticed a wolf spider
 11492 | D:10     | Noticed a manticore
 11505 | D:10     | Noticed a shock serpent
 11518 | D:10     | Noticed a shining eye
 11519 | D:10     | Noticed an elephant
 11519 | D:10     | a shining eye changed into an elephant
 11694 | D:11     | Identified the +2 leather armour "Ehaagun" {rN+ Dex+4}
 11775 | D:11     | Reached skill level 5 in Armour
 12131 | D:11     | Reached XP level 12. HP: 89/89 MP: 12/12
 12390 | D:11     | Found a staircase to the Orcish Mines.
 12494 | D:11     | Noticed a boulder beetle
 13185 | D:12     | Reached skill level 5 in Evocations
 13259 | D:12     | Reached skill level 5 in Throwing
 13359 | D:12     | Killed a boulder beetle
 14310 | D:13     | Mangled by a titanic slime creature

Illustrated notes

Levels and vault maps discovered:
D:1:      minmay_arrival_five_plusses, layout_loops_cross,
          ebering_ecumenical_altar_box, minmay_door_square
D:2:      minmay_skewed_foursquare, layout_basic, serial_shops,
          nicolae_shop_trees, uniq_robin
D:3:      layout_basic, worldfamousw_hep_ancestral_shrine, minivault_26
D:4:      minmay_angry_zag, layout_gridville, minmay_ruined_shrine,
          uniq_blork_the_orc
D:5:      layout_basic, cheibrodos_sewer_entry_bend, uniq_eustachio
D:6:      layout_basic, minmay_temple_entry_sparse_star
D:7:      layout_loops_ring, minitemple, minmay_shop_grid_forest,
          uniq_crazy_yiuf_cottage, uniq_maggie
D:8:      layout_basic, lair_entry_dummy
D:9:      layout_roguey, lemuel_round_altar
D:10:     layout_cave_pools, lemuel_tele_altar, nzn_ghost_randoct,
          kennysheep_flooded_box
D:11:     layout_basic, david_orc_4
D:12:     layout_irregular_city
D:13:     layout_roguey, david_vaults_3, evilmike_butchery
Temple:   eino_temple_lava

Skill      XL: |  1  2  3  4  5  6  7  8  9 10 11 12 |
---------------+-------------------------------------+-----
Staves         | 3 4 5 6 8 10 12 14 | 14.0
Fighting       | 4 5 6 8 |  8.5
Shields        | 6 9 |  9.0
Evocations     | 4 5 |  5.0
Throwing       | 3 6 |  6.0
Armour         | 5 7 |  7.6

Action                   |  1- 3 |  4- 6 |  7- 9 | 10-12 || total
-------------------------+-------+-------+-------+-------++-------
Melee: Dagger            |    64 |    63 |       |       ||   127
       Quarterstaff      |     5 |    81 |   380 |   614 ||  1080
Throw: Javelin           |       |       |       |     8 ||     8
       Dart              |       |       |       |     6 ||     6
Invok: Call Merchant     |       |       |       |     1 ||     1
 Abil: Dig               |     2 |     1 |     2 |     6 ||    11
  Use: Scroll            |     1 |     8 |     9 |     8 ||    26
       Potion            |       |       |       |     1 ||     1
 Stab: Distracted        |       |       |       |     1 ||     1
Armor: Scale mail        |    17 |    49 |   147 |    53 ||   266
       Chain mail        |       |       |       |    24 ||    24
Dodge: Dodged            |    20 |    41 |   123 |   129 ||   313
Block: Kite shield       |    28 |    61 |   110 |   328 ||   527
       Buckler           |       |       |    24 |     5 ||    29

Table legend: (Time is in decaauts)
 A = Elapsed time spent in this place.
 B = Non-inter-level travel time spent in this place.
 C = Inter-level travel time spent in this place.
 D = Time resting spent in this place.
 E = Time spent auto-exploring this place.
 F = Levels seen in this place.
 G = Mean time per level.
                   A        B        C        D        E       F      G
               +--------+--------+--------+--------+--------+-----+--------+
         Total |  14144 |  13616 |    528 |    408 |  10956 |  15 |  942.9 |
       Dungeon |  13598 |  13076 |    522 |    408 |  10686 |  13 | 1046.0 |
        Temple |     78 |     72 |      6 |      0 |     71 |   1 |   78.0 |
         Sewer |    467 |    467 |      0 |      0 |    199 |   1 |  467.0 |
               +--------+--------+--------+--------+--------+-----+--------+

Top non-repeatable levels by time:
     D:2: 1715 daAuts
    D:11: 1440 daAuts
     D:7: 1389 daAuts
     D:8: 1270 daAuts
     D:3: 1100 daAuts
    D:12: 1074 daAuts
     D:5: 1005 daAuts
    D:10: 966 daAuts
     D:1: 947 daAuts
     D:4: 907 daAuts
     D:9: 836 daAuts
     D:6: 823 daAuts
   Sewer: 467 daAuts
    D:13: 120 daAuts
  Temple: 78 daAuts
